 Dungeon Crawl Stone Soup version 0.31-a0-152-g6aa68a64a1 (webtiles) character file.

Game seed: 1815384180495516970

222 snetch the Chopper (level 5, 0/48 HPs)
             Began as a Minotaur Berserker on June 9, 2023.
             Was a Believer of Trog.
             Succumbed to an orc's poison
             ... on level 3 of the Dungeon.
             The game lasted 00:04:33 (1353 turns).

snetch the Chopper (Minotaur Berserker)             Turns: 1353, Time: 00:04:34

Health: 0/48       AC:  3    Str: 23    XL:     5   Next: 66%
Magic:  4/4        EV: 12    Int:  4    God:    Trog [**....]
Gold:   104        SH:  0    Dex: 10    Spells: 4/4 levels left

rFire   . . .        a - +0 hand axe
rCold   . . .        (no shield)
rNeg    . . .        h - +0 leather armour
rPois   .            (helmet restricted)
rElec   .            (no cloak)
rCorr   .            (no gloves)
SInv    .            (no boots)
Will    ++...        k - amulet of regeneration
Stlth   +            q - ring of flight
HPRegen 2.08/turn    (no ring)
MPRegen 0.09/turn

%: no passive effects
@: lethally poisoned (0 -> -1), strong-willed (expiring), on berserk cooldown,
flying, regenerating (expiring), slowed, very slow
A: horns 2, retaliatory headbutt
a: Renounce Religion, Berserk, Trog's Hand


You were on level 3 of the Dungeon.
You worshipped Trog.
Trog was pleased with you.
You visited 1 branch of the dungeon, and saw 4 of its levels.

You collected 104 gold pieces.

Inventory:

Hand Weapons
 a - a +0 hand axe (weapon)
Missiles
 c - 23 stones (quivered)
 i - 5 poisoned darts
Armour
 h - a +0 leather armour (worn)
Jewellery
 k - an amulet of regeneration (around neck)
 q - a ring of flight (left hand)
Wands
 o - a wand of flame (28)
Scrolls
 b - 2 scrolls of torment {unknown}
 d - 3 scrolls of identify {unknown}
 g - 2 scrolls of vulnerability {unknown}
 l - 2 scrolls of fear {unknown}
 m - 2 scrolls of teleportation {unknown}
 p - 2 scrolls of enchant weapon {unknown}
Potions
 e - 2 potions of attraction {unknown}
 f - a potion of mutation {unknown}
 j - a potion of ambrosia {unknown}
 n - a potion of lignification {unknown}


   Skills:
 + Level 5.0 Fighting
 + Level 6.0 Axes
 + Level 0.1 Throwing
 + Level 3.1 Armour
 + Level 3.2 Dodging
 + Level 0.1 Stealth


You had 4 spell levels left.
You didn't know any spells.
Your spell library was empty.

Dungeon Overview and Level Annotations

Branches:
Dungeon (4/15)
 Temple: D:4-7

Altars:

Annotations:
D:3 1 runed translucent door


Innate Abilities, Weirdness & Mutations

You have a pair of horns on your head.
You reflexively headbutt those who attack you in melee.


Message History

Trog accepts your kill.
You completely miss the orc.
You feel very sick.
Unknown command.
You hit the orc.
You kill the orc!
Trog accepts your kill.
You miss something.
* * * LOW HITPOINT WARNING * * *
You feel very sick. Something hits you.
* * * LOW HITPOINT WARNING * * *
You closely miss something. Your headbutt misses something.
You feel the effects of Trog's Hand fading.
* * * LOW HITPOINT WARNING * * *
You feel very sick. Something hits you.
* * * LOW HITPOINT WARNING * * *
Unknown command.
You slash something! Trog accepts your kill.
Trog appreciates your killing of a magic user.
Reactivating autopickup.
You feel a bit more experienced.
* * * LOW HITPOINT WARNING * * *
You feel sick.
Your Fighting skill increases to level 5!
Your Axes skill increases to level 6!
* * * LOW HITPOINT WARNING * * *
You feel sick.
You feel a strong urge to attack something.
* * * LOW HITPOINT WARNING * * *
You feel sick.
You are too berserk!
* * * LOW HITPOINT WARNING * * *
You feel sick.
You feel your anger nearly subside.
You are no longer berserk.
You are exhausted.
You feel yourself slow down.
You die...

.. .. # . .
#.#. ##.
#.#.#### ...
#......# #
#...#..# #
#......# #
#...)))# #
#...)@.# #
#...)..# ..
#......# ### ##
#.....####.# ..
...#....<.....#
##.
#.....####### #
. #.#..........
. #.#.#.######.
....#<#


There were no monsters in sight!

Vanquished Creatures
  A hound (D:3)
  An orc priest (D:3)
  Jessica (D:3)
  An orc wizard (D:3)
  5 adders
  A dart slug (D:2)
  3 orcs (D:3)
  4 endoplasms
  5 giant cockroaches
  4 hobgoblins
  4 jackals
  8 kobolds
  2 quokkas
  2 ball pythons
  3 bats
  2 frilled lizards
  8 goblins
  7 rats
62 creatures vanquished.

Notes
Turn   | Place    | Note
-------+----------+-------------------------------------------
     0 | D:1      | snetch the Minotaur Berserker began the quest for the Orb.
     0 | D:1      | Reached XP level 1. HP: 19/19 MP: 0/0
   107 | D:2      | Reached skill level 4 in Axes
   107 | D:2      | Reached XP level 2. HP: 27/27 MP: 1/1
   205 | D:1      | Reached XP level 3. HP: 20/33 MP: 2/2
   255 | D:2      | Reached ** piety under Trog
   790 | D:3      | Found a runed translucent door.
   845 | D:2      | Reached XP level 4. HP: 41/41 MP: 3/3
  1137 | D:3      | Reached skill level 5 in Axes
  1181 | D:3      | Noticed Jessica
  1190 | D:3      | Killed Jessica
  1191 | D:3      | Reached XP level 5. HP: 40/47 MP: 4/4
  1348 | D:3      | HP: 3/70 [poisoned by an orc]
  1350 | D:3      | Reached skill level 5 in Fighting
  1350 | D:3      | Reached skill level 6 in Axes
  1350 | D:3      | HP: 1/72 [poisoned by an orc]
  1353 | D:3      | Succumbed to an orc's poison

Illustrated notes

Levels and vault maps discovered:
D:1:      minmay_arrival_stair_chambers, layout_basic, minmay_3d_cube
D:2:      layout_basic
D:3:      layout_basic, ebering_ghost_sewer_f, uniq_grinder,
          uniq_crazy_yiuf_cottage, uniq_jessica
D:4:      layout_cave_pools, mainiacjoe_overflow_boulevard

Skill      XL: |  1  2  3  4  5 |
---------------+----------------+-----
Fighting       | 4 5 |  5.0
Axes           | 4 5 6 |  6.0
Dodging        | 3 |  3.2
Armour         | 3 |  3.1
Throwing       | |  0.1
Stealth        | |  0.1

Action                     |  1- 3 |  4- 6 || total
---------------------------+-------+-------++-------
  Melee: Hand axe          |    79 |    51 ||   130
         Headbutt          |    10 |     8 ||    18
  Throw: Stone             |     1 |     5 ||     6
 Invoke: Berserk           |       |     1 ||     1
         Trog's Hand       |       |     1 ||     1
 Armour: Animal skin       |    10 |       ||    10
         Leather armour    |     7 |    10 ||    17
  Dodge: Dodged            |    54 |    39 ||    93

Table legend: (Time is in decaauts)
 A = Elapsed time spent in this place.
 B = Non-inter-level travel time spent in this place.
 C = Inter-level travel time spent in this place.
 D = Time resting spent in this place.
 E = Time spent auto-exploring this place.
 F = Levels seen in this place.
 G = Mean time per level.
                   A        B        C        D        E       F      G
               +--------+--------+--------+--------+--------+-----+--------+
         Total |   1367 |   1328 |     39 |      0 |    702 |   4 |  341.8 |
       Dungeon |   1367 |   1328 |     39 |      0 |    702 |   4 |  341.8 |
               +--------+--------+--------+--------+--------+-----+--------+

Top non-repeatable levels by time:
     D:1: 583 daAuts
     D:2: 516 daAuts
     D:3: 237 daAuts
     D:4: 30 daAuts
